 Dungeon Crawl Stone Soup version 0.31.0-1-g2c135a008e (webtiles) character file.

Game seed: 1649549350220810961

1262 EuServersOMG the Magician (level 8, -4/82 HPs)
             Began as a Djinni Earth Elementalist on Jan 20, 2024.
             Was an Initiate of Makhleb.
             Shot with an arrow by a centaur (12 damage)
             ... on level 6 of the Dungeon.
             The game lasted 00:16:37 (5144 turns).

EuServersOMG the Magician (DjEE)                    Turns: 5144, Time: 00:16:38

Health: -4/82      AC:  3    Str:  7    XL:     8   Next: 81%
Gold:   277        EV: 13    Int: 18    God:    Makhleb [......] SH:  0 Dex: 15

rFire   + + .        f - +1 whip (drain)
rCold   x . .        (no shield)
rNeg    . . .        a - +0 robe
rPois   ∞            r - +0 helmet
rElec   .            (no cloak)
rCorr   .            (no gloves)
SInv    .            (boots unavailable)
Will    .....        (no amulet) Stlth
                     (no ring)
HPRegen 0.33/turn    (no ring)
MPRegen 0.00/turn

%: infuse magic (-5 HP)
@: berserking (expiring), about to teleport, attractive, flying, very slightly
contaminated, very quick
A: sickness immunity, fire resistance 2, cold vulnerability 1, float, innate
caster, HP casting, extra vitality 1
a: Renounce Religion


You were on level 6 of the Dungeon.
You worshipped Makhleb.
Makhleb was noncommittal.
You visited 2 branches of the dungeon, and saw 7 of its levels.

You collected 277 gold pieces.

Inventory:

Hand Weapons
 f - a +1 whip of draining (weapon)
Armour
 a - a +0 robe (worn)
 r - a +0 helmet (worn)
Magical Staves
 u - a staff of cold
 v - a staff of fire
Jewellery
 j - a ring of fire
Wands
 i - a wand of flame (12)
Scrolls
 b - 10 scrolls of identify {unknown}
 d - 4 scrolls of teleportation
 g - 2 scrolls of fear {unknown}
 k - a scroll of revelation {unknown}
 l - 2 scrolls of enchant weapon {unknown}
 q - a scroll of immolation {unknown}
 s - a scroll of blinking {unknown}
 t - a scroll of fog {unknown}
Potions
 e - 3 potions of attraction
 h - a potion of enlightenment {unknown}
 m - a potion of curing {unknown}
 n - a potion of degeneration {unknown}
 o - a potion of brilliance {unknown}
 p - a potion of lignification {unknown}


   Skills:
 + Level 2.6 Fighting
 + Level 3.8 Dodging
 - Level 1.5 Stealth
 * Level 7.8 Spellcasting
 * Level 7.8 Conjurations
 * Level 7.8 Hexes
 * Level 7.8 Summonings
 * Level 7.8 Necromancy
 * Level 7.8 Translocations
 * Level 7.8 Fire Magic
 * Level 7.8 Ice Magic
 * Level 7.8 Air Magic
 * Level 7.8 Earth Magic
 * Level 7.8 Alchemy


You knew the following spells:

 Your Spells              Type           Power      Damage    Failure   Level
a - Sandblast             Erth           70%        2d15      1%          1
b - Passwall              Erth           35%        N/A       1%          3
c - Stone Arrow           Conj/Erth      70%        3d11      1%          3
d - Petrify               Alch/Erth      35%        N/A       4%          4
e - Brom's Barrelling Bo  Conj/Erth      35%        2d5       4%          4
f - Slow                  Hex            100%       N/A       1%          1
g - Searing Ray           Conj           70%        2d7       1%          2
h - Lesser Beckoning      Tloc           70%        N/A       1%          2
Your spell library was empty.

Dungeon Overview and Level Annotations

Branches:
Dungeon (6/15)             Temple (1/1) D:5

Altars:
Cheibriados
Dithmenos
Elyvilon
Fedhas
Gozag
Hepliaklqana
Makhleb
Nemelex Xobeh
Okawaru
Qazlal
Ru
Trog
Uskayaw
Wu Jian
Yredelemnul
Zin


Innate Abilities, Weirdness & Mutations

You are immune to sickness and miasma.
You are immune to poison.
Your flesh is very heat resistant. (rF++)
You are vulnerable to cold. (rC-)
You float through the air rather than walking.
You learn spells naturally, not from books.
Your magical power is your life essence.
You have superior vitality. (+4 MHP)


Message History

The centaur shoots an arrow.
The arrow hits your boulder but does no damage.
The centaur unwields a +0 shortbow.
The centaur wields a +0 dagger.
The centaur hits your boulder with a +0 dagger.
The centaur completely misses your boulder.
The boulder barrels into the centaur!
The centaur is lightly wounded.
The centaur is knocked back.
The centaur violently stops moving!
The boulder barrels into the centaur!
The centaur is moderately wounded.
Your boulder is destroyed!
The centaur unwields a +0 dagger.
The centaur wields a +0 shortbow.
The centaur shoots an arrow.
The arrow hits you!
* * * LOW HITPOINT WARNING * * *
The centaur shoots an arrow.
The arrow hits you!
* * * LOW HITPOINT WARNING * * *
An ogre comes into view. It is wielding a +0 giant club.
The ogre shouts!
Unknown command.
The centaur shoots an arrow.
The arrow hits you.
* * * LOW HITPOINT WARNING * * *
As you read the scroll labelled MIRICHEOWKO, it crumbles to dust.
You feel strangely unstable.
It was a scroll of teleportation.
The centaur shoots an arrow.
The arrow hits you.
* * * LOW HITPOINT WARNING * * *
The centaur shoots an arrow.
The arrow closely misses you.
Unknown command.
It was a potion of attraction.
You feel attractive to monsters. The ogre is attracted toward you.
It was a potion of berserk rage.
A red film seems to cover your vision as you go berserk!
You feel yourself moving faster!
You feel mighty! The ogre completely misses you.
You feel a strong urge to attack something.
The centaur shoots an arrow.
The arrow misses you. The ogre is attracted toward you.
The centaur is attracted toward you.
Found a scroll labelled KAUDWO XOQASS.
The centaur shoots an arrow.
The arrow hits you!
You die...

.≈~≈~≈....≈≈~≈.#
#≈~≈~≈~≈≈≈≈~≈≈.###
#≈~≈~≈≈~§~~≈≈.....
#≈~≈≈~≈≈≈≈≈≈~≈.#..
.#≈≈~≈≈~~c~†~≈≈...#
...≈≈.≈≈≈≈≈≈≈≈.....
...?...............
#......)@.#
........##.#....#
..#######.O#?#..#
#§##....#
####§####....
#..........#.#
#..........# .
#...........
#...........


You could see an ogre and a centaur.

Vanquished Creatures
  3 ogres (D:4)
  A centaur (D:6)
  A gnoll sergeant (D:5)
  2 bombardier beetles
  2 jellies (D:4)
  4 hounds
  An orc priest (D:4)
  A gnoll bouda (D:3)
  3 iguanas
  A sleepcap (D:4)
  5 orc wizards
  13 gnolls
  10 adders
  A shadow imp (D:5)
  A white imp (D:6)
  2 ufetubi (D:5)
  A dart slug (D:4)
  20 orcs
  2 bats (D:2)
  5 endoplasms
  A giant cockroach (D:4)
  8 hobgoblins
  3 quokkas
  5 ball pythons
  6 goblins
  5 kobolds
  3 rats
110 creatures vanquished.

Vanquished Creatures (collateral kills)
  2 boulders
2 creatures vanquished.

Vanquished Creatures (others)
  A boulder (D:4)
1 creature vanquished.

Grand Total: 113 creatures vanquished

Notes
Turn   | Place    | Note
-------+----------+-------------------------------------------
     0 | D:1      | EuServersOMG the Djinni Earth Elementalist began the quest
                  | for the Orb.
     0 | D:1      | EuServersOMG set off with the following spells memorised:
                  | Sandblast, Passwall, Stone Arrow, Petrify, Brom's
                  | Barrelling Boulder.
     0 | D:1      | Reached XP level 1. HP: 15/15 MP: 0/0
   294 | D:1      | Found a faded altar of an unknown god.
   608 | D:1      | Reached XP level 2. HP: 20/21 MP: 0/0
  1165 | D:2      | Reached XP level 3. HP: 20/25 MP: 0/0
  1165 | D:2      | Learned a level 1 spell: Slow
  1819 | D:3      | Reached XP level 4. HP: 29/31 MP: 0/0
  1897 | D:3      | Found a hazy altar of Hepliaklqana.
  1968 | D:3      | Reached XP level 5. HP: 24/35 MP: 0/0
  1968 | D:3      | Learned a level 2 spell: Searing Ray
  2103 | D:3      | Reached skill level 5 in Spellcasting
  2103 | D:3      | Reached skill level 5 in Conjurations
  2103 | D:3      | Reached skill level 5 in Hexes
  2103 | D:3      | Reached skill level 5 in Summonings
  2103 | D:3      | Reached skill level 5 in Necromancy
  2103 | D:3      | Reached skill level 5 in Translocations
  2103 | D:3      | Reached skill level 5 in Fire Magic
  2103 | D:3      | Reached skill level 5 in Ice Magic
  2103 | D:3      | Reached skill level 5 in Air Magic
  2103 | D:3      | Reached skill level 5 in Earth Magic
  2103 | D:3      | Reached skill level 5 in Alchemy
  2254 | D:3      | Reached XP level 6. HP: 24/40 MP: 0/0
  2766 | D:4      | Noticed an ogre
  2771 | D:4      | Killed an ogre
  2851 | D:4      | Reached XP level 7. HP: 42/45 MP: 0/0
  2851 | D:4      | Learned a level 2 spell: Lesser Beckoning
  2923 | D:4      | Found a stormy altar of Qazlal.
  2940 | D:4      | Found a bloodstained altar of Trog.
  3032 | D:4      | Found a white marble altar of Elyvilon.
  3548 | D:4      | Reached XP level 8. HP: 45/51 MP: 0/0
  3658 | D:5      | Entered Level 5 of the Dungeon
  3684 | D:5      | Reached skill level 1 in Fighting
  3957 | D:5      | Found a hide-covered altar of Uskayaw.
  4288 | D:5      | Found a staircase to the Ecumenical Temple.
  4298 | Temple   | Entered the Ecumenical Temple
  4313 | Temple   | Became a worshipper of Makhleb the Destroyer
  5144 | D:6      | Shot with an arrow by a centaur

Illustrated notes

Levels and vault maps discovered:
D:1:      lemuel_arrival_muddy, layout_basic,
          shapermc_ecumenical_altar_rom_forum, kennysheep_small_spiral,
          minmay_octomino_j4
D:2:      layout_basic, serial_bayou_pond_a, minmay_3d_cube
D:3:      layout_basic, old_standard_altar
D:4:      cheibrodos_pilgrimage, layout_gridville, nicolae_elyvilon_temple_path,
          mainiacjoe_overflow_big_doors
D:5:      layout_gridville, nicolae_uskayaw_dance_hall,
          minmay_temple_entry_poolview
D:6:      nicolae_whirlpool, layout_rooms
Temple:   hellmonk_temple_of_storms

Skill      XL: |  1  2  3  4  5  6  7  8 |
---------------+-------------------------+-----
Spellcasting   | 4 5 6 7 |  7.8
Conjurations   | 4 5 6 7 |  7.8
Hexes          | 4 5 6 7 |  7.8
Summonings     | 4 5 6 7 |  7.8
Necromancy     | 4 5 6 7 |  7.8
Translocations | 4 5 6 7 |  7.8
Fire Magic     | 4 5 6 7 |  7.8
Ice Magic      | 4 5 6 7 |  7.8
Air Magic      | 4 5 6 7 |  7.8
Earth Magic    | 4 5 6 7 |  7.8
Alchemy        | 4 5 6 7 |  7.8
Fighting       | 2 |  2.6
Dodging        | 3 |  3.8
Stealth        | |  1.5

Action                     |  1- 3 |  4- 6 |  7- 9 || total
---------------------------+-------+-------+-------++-------
   Cast: Sandblast         |    43 |    52 |    19 ||   114
         Slow              |       |     8 |    12 ||    20
         Stone Arrow       |       |     1 |    57 ||    58
         Brom's Barrelling |       |       |     8 ||     8
  Evoke: Wand              |       |     2 |       ||     2
    Use: Potion            |       |       |     2 ||     2
         Scroll            |       |       |     1 ||     1
 Armour: Robe              |    10 |     9 |    22 ||    41
  Dodge: Dodged            |     8 |    12 |    22 ||    42
